 Dungeon Crawl Stone Soup version 0.31-a0-435-g2c6fae2916 (webtiles) character file.

Game seed: 858102820871915653

4410 IndexError the Thaumaturge (level 9, -9/64 HPs)
             Began as a Demigod Conjurer on Aug 1, 2023.
             Shot with a bolt by an orc warrior (15 damage)
             ... in a bailey.
             The game lasted 00:24:52 (12171 turns).

IndexError the Thaumaturge (Demigod Conjurer)      Turns: 12171, Time: 00:24:52

Health: -9/64      AC: 13    Str: 12    XL:     9   Next: 91%
Magic:  17/27      EV: 12    Int: 32    God:
Gold:   243        SH:  5    Dex: 15    Spells: 13/28 levels left

rFire   . . .        s - +3 dagger (flame)
rCold   . . .        (no shield)
rNeg    + . .        p - +3 robe of the Sea {rN+ Str+4 Dex+3}
rPois   +            w - +0 helmet
rElec   .            c - +0 cloak
rCorr   .            u - +0 pair of gloves {Stlth+}
SInv    .            v - +0 pair of boots
Will    .....        l - amulet of reflection
Stlth   +++          k - +4 ring of protection
HPRegen 0.30/turn    A - ring of poison resistance {rPois, !d}
MPRegen 0.20/turn

%: reflection
@: no status effects
A: high MP 1, forlorn, divine attributes
a: no special abilities


You were in a bailey.
You visited 2 branches of the dungeon, and saw 10 of its levels.
You also visited: Sewer and Bailey.

You collected 496 gold pieces.
You spent 253 gold pieces at shops.

Inventory:

Hand Weapons
 q - a +0 whip of flaming
   (You took it off Pikel on level 3 of the Dungeon)
 s - a +3 dagger of flaming (weapon)
   (You took it off a kobold on level 4 of the Dungeon)
Armour
 c - a +0 cloak (worn)
   (You found it on level 4 of the Dungeon)
 p - the +3 robe of the Sea (worn) {rN+ Str+4 Dex+3}
   (You took it off an orc on level 3 of the Dungeon)

   Str:       It affects your strength (+4).
   Dex:       It affects your dexterity (+3).
   rN:        It protects you from negative energy.
 u - a +0 pair of gloves of stealth (worn)
   (You bought it in a shop on level 4 of the Dungeon)
 v - a +0 pair of boots (worn)
   (You bought it in a shop on level 4 of the Dungeon)
 w - a +0 helmet (worn)
   (You found it on level 4 of the Dungeon)
Magical Staves
 H - a staff of earth
   (You found it on level 7 of the Dungeon)
Jewellery
 k - a +4 ring of protection (left hand)
   (You found it on level 2 of the Dungeon)
 l - an amulet of reflection (around neck)
   (You found it on level 2 of the Dungeon)
 m - an amulet of the acrobat
   (You found it on level 3 of the Dungeon)
 A - a ring of poison resistance (right hand) {rPois, !d}
   (You found it on level 5 of the Dungeon)
 B - a ring of protection from fire {rF+, !d}
   (You found it on level 5 of the Dungeon)
 F - a +5 ring of evasion
   (You found it on level 6 of the Dungeon)
 I - a ring of fire {rF+, rC-}
   (You found it on level 7 of the Dungeon)
Wands
 a - a wand of quicksilver (12)
   (You took it off Ijyb on level 3 of the Dungeon)
 o - a wand of mindburst (5)
   (You found it on level 8 of the Dungeon)
 x - a wand of charming (21)
   (You found it on level 4 of the Dungeon)
 E - a wand of polymorph (12)
   (You found it on level 5 of the Dungeon)
 G - a wand of roots (14)
   (You found it on level 7 of the Dungeon)
Scrolls
 h - 2 scrolls of enchant weapon
 i - 2 scrolls of vulnerability {!r!r}
 j - 5 scrolls of teleportation
 y - a scroll of butterflies
 z - a scroll of fog
 C - 2 scrolls of amnesia
 J - a scroll of poison {unknown}
Potions
 b - a potion of magic
 d - 7 potions of curing {unknown}
 e - 2 potions of invisibility {unknown}
 f - a potion of enlightenment
 g - 4 potions of heal wounds {unknown}
 n - 2 potions of mutation {unknown}
 r - a potion of lignification {!q}
 t - 4 potions of haste {unknown}
 D - a potion of ambrosia


   Skills:
 * Level 1.3 Fighting
 - Level 1.7 Dodging
 - Level 1.7 Stealth
 - Level 10.0 Spellcasting
 - Level 9.0 Conjurations
 + Level 0.8 Hexes
 + Level 0.8 Translocations


You had 13 spell levels left.
You knew the following spells:

 Your Spells              Type           Power      Damage    Failure   Level
a - Magic Dart            Conj           100%       1d8       1%          1
b - Searing Ray           Conj           100%       2d8       1%          2
c - Blink                 Tloc           42%        N/A       3%          2
d - Momentum Strike       Conj/Tloc      94%        3d10      1%          2
e - Fulminant Prism       Conj/Hex       23%        3d12      4%          4
x - Iskenderun's Mystic   Conj/Tloc      47%        2d10      4%          4

Your spell library contained the following spells:

 Spells                   Type           Power      Damage    Failure   Level
 Dazzling Flash           Conj/Hex       94%        N/A       1%          3
 Hailstorm                Conj/Ice       44%        3d10      1%          3
 Apportation              Tloc           42%        N/A       2%          1
 Mephitic Cloud           Conj/Pois/Air  35%        N/A       2%          3
 Necrotise                Necr           64%        1d7       3%          1
 Summon Small Mammal      Summ           64%        N/A       3%          1
 Lesser Beckoning         Tloc           42%        N/A       3%          2
 Poisonous Vapours        Pois/Air       32%        N/A       4%          2
 Portal Projectile        Hex/Tloc       42%        N/A       7%          3
 Tukima's Dance           Hex            21%        N/A       7%          3
 Volatile Blastmotes      Fire/Tloc      36%        2d13      8%          3
 Vampiric Draining        Necr           16%        2d7       9%          3
 Freezing Cloud           Conj/Ice/Air   17%        6-21      24%         5
 Summon Ice Beast         Ice/Summ       16%        N/A       30%         4
 Agony                    Necr           16%        N/A       63%         5
 Simulacrum               Ice/Necr       8%         N/A       99%         6


Dungeon Overview and Level Annotations

Branches:
Dungeon (9/15)             Temple (1/1) D:7           Sewer (visited)
 Bailey (1/1)
   Lair: D:8-11         Orc: D:9-12

Shops:
D:4 [   D:8 *


Innate Abilities, Weirdness & Mutations

You have an increased reservoir of magic. (+10% MP)
You shall have no god before yourself.
Your divine heritage dramatically boosts your attributes as you level up.


Message History

Confirm with . or Enter, or press ? or * to list all spells.
Aiming: Magic Dart (safe; 1% risk of failure)
Press: ? - help, Shift-Dir - straight line, f - orc warrior
Aim: an orc warrior, wielding a +0 arbalest and wearing a +0 scale mail (severely wounded, 100% to hit)
The magic dart hits the orc warrior.
The orc warrior shoots a bolt.
The bolt hits you.
You take 5 damage, and have 59/64 hp.
You now have 26/27 mp.
Casting: Magic Dart (safe; 1% risk of failure)
Confirm with . or Enter, or press ? or * to list all spells.
Aiming: Magic Dart (safe; 1% risk of failure)
Press: ? - help, Shift-Dir - straight line, f/p - orc warrior
Aim: an orc warrior, wielding a +0 arbalest and wearing a +0 scale mail (severely wounded, 100% to hit)
The magic dart hits the orc warrior.
The orc warrior shoots a bolt.
The bolt hits you!
You take 14 damage, and have 45/64 hp.
MASSIVE DAMAGE!!
You now have 25/27 mp.
Casting: Magic Dart (safe; 1% risk of failure)
Confirm with . or Enter, or press ? or * to list all spells.
Aiming: Magic Dart (safe; 1% risk of failure)
Press: ? - help, Shift-Dir - straight line, f/p - orc warrior
Aim: an orc warrior, wielding a +0 arbalest and wearing a +0 scale mail (almost dead, 100% to hit)
The magic dart hits the orc warrior.
You now have 24/27 mp.
Casting: Magic Dart (safe; 1% risk of failure)
Confirm with . or Enter, or press ? or * to list all spells.
Aiming: Magic Dart (safe; 1% risk of failure)
Press: ? - help, Shift-Dir - straight line, f - orc warrior
Aim: an orc warrior, wielding a +0 arbalest and wearing a +0 ring mail (100% to hit)
The magic dart hits the orc warrior.
The orc warrior shoots a bolt.
The bolt hits you!
You take 6 damage, and have 39/64 hp.
You now have 23/27 mp.
Casting: Magic Dart (safe; 1% risk of failure)
Confirm with . or Enter, or press ? or * to list all spells.
Aiming: Magic Dart (safe; 1% risk of failure)
Press: ? - help, Shift-Dir - straight line, f/p - orc warrior
Aim: an orc warrior, wielding a +0 arbalest and wearing a +0 ring mail (lightly wounded, 100% to hit)
The magic dart hits the orc warrior but does no damage.
Casting: Magic Dart (safe; 1% risk of failure)
Confirm with . or Enter, or press ? or * to list all spells.
Aiming: Magic Dart (safe; 1% risk of failure)
Press: ? - help, Shift-Dir - straight line, f/p - orc warrior
Aim: an orc warrior, wielding a +0 arbalest and wearing a +0 ring mail (lightly wounded, 100% to hit)
The magic dart hits the orc warrior but does no damage.
The orc warrior shoots a bolt.
The bolt hits you!
The orc shoots a bolt.
The bolt completely misses you.
You take 13 damage, and have 26/64 hp.
MASSIVE DAMAGE!!
You now have 22/27 mp.
Casting: Magic Dart (safe; 1% risk of failure)
Confirm with . or Enter, or press ? or * to list all spells.
Aiming: Magic Dart (safe; 1% risk of failure)
Press: ? - help, Shift-Dir - straight line, f/p - orc warrior
Aim: an orc warrior, wielding a +0 arbalest and wearing a +0 ring mail (lightly wounded, 100% to hit)
The magic dart hits the orc warrior.
The orc warrior shoots a bolt.
The bolt hits you!
* * * LOW HITPOINT WARNING * * *
The orc shoots a bolt.
The bolt misses you.
Casting: Magic Dart (safe; 1% risk of failure)
Confirm with . or Enter, or press ? or * to list all spells.
Aiming: Magic Dart (safe; 1% risk of failure)
Press: ? - help, Shift-Dir - straight line, f/p - orc warrior
Aim: an orc warrior, wielding a +0 arbalest and wearing a +0 ring mail (lightly wounded, 100% to hit)
The magic dart hits the orc warrior.
The orc warrior shoots a bolt.
The bolt closely misses you.
The orc shoots a bolt.
You block the bolt with an invisible shield... and reflect it back!
The bolt hits the orc!
You take 9 damage, and have 17/64 hp.
You now have 20/27 mp.
Sorry, you're not good enough to have a special ability.
Casting: Magic Dart (safe; 1% risk of failure)
Confirm with . or Enter, or press ? or * to list all spells.
Aiming: Magic Dart (safe; 1% risk of failure)
Press: ? - help, Shift-Dir - straight line, f/p - orc warrior
Aim: an orc warrior, wielding a +0 arbalest and wearing a +0 ring mail (moderately wounded, 100% to hit)
The magic dart hits the orc warrior.
The orc warrior shoots a bolt.
The bolt misses you.
You now have 19/27 mp.
Casting: Magic Dart (safe; 1% risk of failure)
Confirm with . or Enter, or press ? or * to list all spells.
Aiming: Magic Dart (safe; 1% risk of failure)
Press: ? - help, Shift-Dir - straight line, f/p - orc warrior
Aim: an orc warrior, wielding a +0 arbalest and wearing a +0 ring mail (moderately wounded, 100% to hit)
The magic dart hits the orc warrior.
The orc warrior shoots a bolt.
The bolt hits you!
* * * LOW HITPOINT WARNING * * *
The orc shoots a bolt.
The bolt hits you but does no damage.
Casting: Magic Dart (safe; 1% risk of failure)
Confirm with . or Enter, or press ? or * to list all spells.
Aiming: Magic Dart (safe; 1% risk of failure)
Press: ? - help, Shift-Dir - straight line, f/p - orc warrior
Aim: an orc warrior, wielding a +0 arbalest and wearing a +0 ring mail (heavily wounded, 100% to hit)
The magic dart hits the orc warrior but does no damage.
The orc warrior shoots a bolt.
You block the bolt with an invisible shield... and reflect it back!
The bolt hits the orc warrior.
You take 11 damage, and have 6/64 hp.
You now have 18/27 mp.
Casting: Magic Dart (safe; 1% risk of failure)
Confirm with . or Enter, or press ? or * to list all spells.
Aiming: Magic Dart (safe; 1% risk of failure)
Press: ? - help, Shift-Dir - straight line, f/p - orc warrior
Aim: an orc warrior, wielding a +0 arbalest and wearing a +0 ring mail (severely wounded, 100% to hit)
The magic dart hits the orc warrior.
The orc warrior shoots a bolt.
The bolt hits you!
You die...

.........#
.........#
.........#
.........#
.........#
.o.......#
)≈≈......#
#≈≈...@.#
o##≈.....#
..#≈.....#
.##≈.....#
##≈≈.....#
≈≈≈......#
.........#
.........#
.......∩.#


You could see an orc warrior.

Vanquished Creatures
  Pikel (D:3)
  A hornet (D:8)
  2 wyverns
  A steam dragon (D:7)
  2 water moccasins
  2 orc warriors
  2 sky beasts (D:7)
  3 ice beasts
  A black bear (D:7)
  An ogre (D:6)
  A centaur (D:6)
  3 phantoms
  4 kobold brigands
  2 bullfrogs
  A gnoll sergeant (D:7)
  4 scorpions
  3 wights (D:6)
  3 howler monkeys (D:7)
  2 jellies
  3 hounds
  4 orc priests
  6 iguanas
  Ijyb (D:3)
  8 orc wizards
  11 adders
  11 gnolls
  4 river rats (Sewer)
  3 white imps
  An ufetubus (D:5)
  3 worms
  3 dart slugs
  31 orcs
  7 bats
  2 endoplasms
  3 giant cockroaches
  7 goblins
  6 hobgoblins
  13 jackals
  6 quokkas
  8 ball pythons
  4 frilled lizards
  19 kobolds
  11 rats
214 creatures vanquished.

Vanquished Creatures (others)
  6 fulminant prisms
6 creatures vanquished.

Grand Total: 220 creatures vanquished

Notes
Turn   | Place    | Note
-------+----------+-------------------------------------------
     0 | D:1      | IndexError the Demigod Conjurer began the quest for the
                  | Orb.
     0 | D:1      | Reached XP level 1. HP: 14/14 MP: 5/5
   351 | D:1      | Reached skill level 2 in Spellcasting
   552 | D:1      | Reached XP level 2. HP: 20/20 MP: 5/7
   578 | D:1      | Reached skill level 4 in Conjurations
  1215 | D:2      | Learned a level 2 spell: Searing Ray
  1218 | D:2      | Learned a level 2 spell: Blink
  1224 | D:2      | Reached XP level 3. HP: 23/26 MP: 2/9
  2510 | D:3      | Reached XP level 4. HP: 33/33 MP: 6/10
  3080 | D:3      | Reached skill level 5 in Conjurations
  3258 | D:3      | Identified the +3 robe of the Sea {rN+ Str+4 Dex+3}
  3657 | D:4      | Reached skill level 3 in Spellcasting
  3657 | D:4      | Reached XP level 5. HP: 36/38 MP: 7/12
  3810 | D:4      | Noticed Ijyb
  3817 | D:3      | Killed Ijyb
  3900 | D:4      | Noticed Pikel
  4014 | D:3      | Killed Pikel
  4015 | D:3      | Reached skill level 4 in Spellcasting
  4015 | D:3      | Reached skill level 6 in Conjurations
  4015 | D:3      | Reached XP level 6. HP: 31/45 MP: 1/15
  4015 | D:3      | Reached XP level 7. HP: 35/50 MP: 1/16
  4198 | D:4      | Reached skill level 7 in Conjurations
  4572 | D:4      | Found Juagecse's Armour Boutique.
  4582 | D:4      | Bought a +0 pair of gloves of stealth for 161 gold pieces
  4587 | D:4      | Bought a +0 pair of boots for 63 gold pieces
  4921 | D:5      | Entered Level 5 of the Dungeon
  4933 | D:5      | Found a glowing drain.
  5048 | Sewer    | Entered a sewer
  6054 | D:5      | Learned a level 2 spell: Momentum Strike
  6059 | D:5      | Learned a level 4 spell: Fulminant Prism
  6064 | D:5      | Learned a level 4 spell: Iskenderun's Mystic Blast
  6292 | D:5      | Reached skill level 8 in Conjurations
  6431 | D:5      | Reached skill level 5 in Spellcasting
  6431 | D:5      | Reached XP level 8. HP: 54/57 MP: 11/19
  7996 | D:6      | Reached skill level 9 in Conjurations
  8004 | D:6      | Reached skill level 6 in Spellcasting
  9055 | D:7      | Reached skill level 7 in Spellcasting
  9083 | D:7      | Found a staircase to the Ecumenical Temple.
  9092 | Temple   | Entered the Ecumenical Temple
  9718 | D:7      | Reached XP level 9. HP: 62/62 MP: 8/24
  9724 | D:7      | Reached skill level 8 in Spellcasting
 10251 | D:7      | Reached skill level 9 in Spellcasting
 11033 | D:8      | Found Umaosemu's Assorted Antiques.
 11038 | D:8      | Bought a scroll labelled OMYEG EXTAVIE for 29 gold pieces
 11488 | D:8      | Reached skill level 10 in Spellcasting
 12008 | D:9      | Reached skill level 1 in Fighting
 12143 | D:9      | Found a flagged portal.
 12151 | Bailey   | Entered a bailey
 12169 | Bailey   | HP: 5/64 [orc warrior/bolt (12)]
 12171 | Bailey   | Shot with a bolt by an orc warrior

Illustrated notes

Levels and vault maps discovered:
D:1:      dpeg_chamrin_arrival_tetris, layout_loops_ring
D:2:      wad_lake_hut, layout_basic, kennysheep_generic_room_4
D:3:      layout_loops_ring
D:4:      layout_cave_pools, lemuel_coloured_pillars_altar,
          grunt_dithmenos_smoke, serial_shops, shop, nrook_mini_backslash,
          kennysheep_generic_room_13, uniq_ijyb, uniq_pikel
D:5:      layout_basic, nicolae_sif_muna_little_library,
          gammafunk_temple_overflow_statue, portal_sewer_entry_d
D:6:      layout_gridville, zin_scriptorium, grunt_decor_resistance
D:7:      layout_cave_pods, mainiacjoe_overflow_six_doors_small,
          minmay_temple_entry_glass, minmay_ruined_shrine
D:8:      layout_gridville, serial_shops,
          nicolae_shop_competitors_out_of_business, kennysheep_generic_room_11
D:9:      layout_roguey, general_overflow_altar, david_orc_4, enter_bailey_2
Temple:   nicolae_temple_god_jail
Bailey:   bailey_polearm_2, bailey

Skill      XL: |  1  2  3  4  5  6  7  8  9 |
---------------+----------------------------+-----
Spellcasting   | 2 3 4 5 7 10 | 10.0
Conjurations   | 4 5 6 8 9 |  9.0
Fighting       | 1 |  1.3
Dodging        | |  1.7
Stealth        | |  1.7
Hexes          | |  0.8
Translocations | |  0.8

Action                     |  1- 3 |  4- 6 |  7- 9 || total
---------------------------+-------+-------+-------++-------
  Melee: Whip              |     3 |    55 |       ||    58
         Punch             |       |     2 |       ||     2
         Dagger            |       |       |    46 ||    46
   Cast: Magic Dart        |    78 |    70 |   296 ||   444
         Searing Ray       |     1 |     9 |    49 ||    59
         Fulminant Prism   |       |       |     6 ||     6
         Iskenderun's Myst |       |       |     8 ||     8
         Blink             |       |       |     2 ||     2
         Momentum Strike   |       |       |     7 ||     7
    Use: Scroll            |       |       |    10 ||    10
 Armour: Robe              |     3 |    25 |    51 ||    79
  Dodge: Dodged            |    14 |    51 |    84 ||   149
  Block: Other             |       |    16 |    24 ||    40
         Reflection        |       |     2 |     5 ||     7

Table legend: (Time is in decaauts)
 A = Elapsed time spent in this place.
 B = Non-inter-level travel time spent in this place.
 C = Inter-level travel time spent in this place.
 D = Time resting spent in this place.
 E = Time spent auto-exploring this place.
 F = Levels seen in this place.
 G = Mean time per level.
                   A        B        C        D        E       F      G
               +--------+--------+--------+--------+--------+-----+--------+
         Total |  12339 |  11220 |   1119 |     87 |   9601 |  12 | 1028.2 |
       Dungeon |  11283 |  10173 |   1110 |     87 |   8716 |   9 | 1253.7 |
        Temple |     32 |     23 |      9 |      0 |      0 |   1 |   32.0 |
         Sewer |   1003 |   1003 |      0 |      0 |    885 |   1 | 1003.0 |
        Bailey |     19 |     19 |      0 |      0 |      0 |   1 |   19.0 |
               +--------+--------+--------+--------+--------+-----+--------+

Top non-repeatable levels by time:
     D:5: 1864 daAuts
     D:3: 1772 daAuts
     D:6: 1490 daAuts
     D:7: 1396 daAuts
     D:2: 1252 daAuts
     D:8: 1175 daAuts
     D:1: 1169 daAuts
   Sewer: 1003 daAuts
     D:4: 771 daAuts
     D:9: 392 daAuts
  Temple: 32 daAuts
  Bailey: 19 daAuts

Levels and vault maps discovered:
D:1:      dpeg_chamrin_arrival_tetris, layout_loops_ring
D:2:      wad_lake_hut, layout_basic, kennysheep_generic_room_4
D:3:      layout_loops_ring
D:4:      layout_cave_pools, lemuel_coloured_pillars_altar,
          grunt_dithmenos_smoke, serial_shops, shop, nrook_mini_backslash,
          kennysheep_generic_room_13, uniq_ijyb, uniq_pikel
D:5:      layout_basic, nicolae_sif_muna_little_library,
          gammafunk_temple_overflow_statue, portal_sewer_entry_d
D:6:      layout_gridville, zin_scriptorium, grunt_decor_resistance
D:7:      layout_cave_pods, mainiacjoe_overflow_six_doors_small,
          minmay_temple_entry_glass, minmay_ruined_shrine
D:8:      layout_gridville, serial_shops,
          nicolae_shop_competitors_out_of_business, kennysheep_generic_room_11
D:9:      layout_roguey, general_overflow_altar, david_orc_4, enter_bailey_2
Temple:   nicolae_temple_god_jail
Bailey:   bailey_polearm_2, bailey

Table legend: (Time is in decaauts)
 A = Elapsed time spent in this place.
 B = Non-inter-level travel time spent in this place.
 C = Inter-level travel time spent in this place.
 D = Time resting spent in this place.
 E = Time spent auto-exploring this place.
 F = Levels seen in this place.
 G = Mean time per level.
                   A        B        C        D        E       F      G
               +--------+--------+--------+--------+--------+-----+--------+
         Total |  12339 |  11220 |   1119 |     87 |   9601 |  12 | 1028.2 |
       Dungeon |  11283 |  10173 |   1110 |     87 |   8716 |   9 | 1253.7 |
        Temple |     32 |     23 |      9 |      0 |      0 |   1 |   32.0 |
         Sewer |   1003 |   1003 |      0 |      0 |    885 |   1 | 1003.0 |
        Bailey |     19 |     19 |      0 |      0 |      0 |   1 |   19.0 |
               +--------+--------+--------+--------+--------+-----+--------+

Top non-repeatable levels by time:
     D:5: 1864 daAuts
     D:3: 1772 daAuts
     D:6: 1490 daAuts
     D:7: 1396 daAuts
     D:2: 1252 daAuts
     D:8: 1175 daAuts
     D:1: 1169 daAuts
   Sewer: 1003 daAuts
     D:4: 771 daAuts
     D:9: 392 daAuts
  Temple: 32 daAuts
  Bailey: 19 daAuts

Table legend:
 A = Kills in this place as a percentage of kills in the entire game.
 B = Kills by you in this place as a percentage of kills by you in the entire game.
 C = Kills by friends in this place as a percentage of kills by friends in the entire game.
 D = Other kills in this place as a percentage of other kills in the entire game.
 E = Experience gained in this place as a percentage of experience gained in the entire game.
 F = Experience gained in this place divided by the number of levels of this place that you have seen.
                   A       B       C       D       E      F
               +-------+-------+-------+-------+-------+----------------------
         Total | 100.0 | 100.0 |   N/A |   N/A | 100.0 | 525.0
       Dungeon |  86.9 |  86.9 |   N/A |   N/A |  95.7 | 669.9
         Sewer |  12.1 |  12.1 |   N/A |   N/A |   2.1 | 135.0
        Bailey |   0.9 |   0.9 |   N/A |   N/A |   2.2 | 136.0
               +-------+-------+-------+-------+-------+----------------------
